 Dungeon Crawl Stone Soup version 0.19.5 (console) character file.

36455 lanroth the Spear-Bearer (level 13, -3/123 HPs)
             Began as a Minotaur Abyssal Knight on Mar 30, 2017.
             Was the Champion of Lugonu.
             Slain by a black mamba (15 damage)
             ... on level 1 of the Snake Pit.
             The game lasted 01:21:27 (14700 turns).

lanroth the Spear-Bearer (Minotaur Abyssal Knight) Turns: 14700, Time: 01:21:28

Health: -3/123     AC: 24    Str: 19    XL:     13   Next: 53%
Magic:  7/15       EV: 14    Int:  9    God:    Lugonu [******]
Gold:   1003       SH:  5    Dex: 13    Spells: 0 memorised, 12 levels left

rFire  . . .     SeeInvis .     T - +7 captain's cutlass {speed, disarm}
rCold  . . .     Gourm    .     R - +4 scale mail
rNeg   . . .     Faith    .     (no shield)
rPois  +         Spirit   .     k - +2 hat {MR+}
rElec  .         Reflect  +     P - +0 cloak
rCorr  .         Harm     .     i - +2 pair of gloves
MR     ++...                    r - +0 pair of boots
Stlth  +.........               y - +5 amulet of reflection
                                I - +4 ring of slaying
                                B - ring of poison resistance

@: lethally poisoned (-3 -> -4)
A: retaliatory headbutt, horns 2, talons 1, slimy green scales 1, magic
resistance 1, mutation resistance 1, wild magic 1
a: Depart the Abyss, Bend Space, Banish, Corrupt, Enter the Abyss, Brand Weapon
With Distortion, Renounce Religion


You were on level 1 of the Snake Pit.
You worshipped Lugonu.
Lugonu was exalted by your worship.
You were not hungry.

You visited 4 branches of the dungeon, and saw 17 of its levels.
You visited the Abyss 1 time.

You collected 1003 gold pieces.

Inventory:

Hand Weapons
 a - a +3 spear of venom
 o - a +2 short sword of holy wrath
 G - a +5 double sword
 T - the +7 captain's cutlass (weapon) {speed, disarm}
   (You found it on level 1 of the Snake Pit)

   Attacks with this weapon are significantly faster.
 Y - a +2 scimitar of flaming
Missiles
 c - 13 tomahawks (quivered)
 e - 381 stones
 H - 2 javelins of penetration
Armour
 i - a +2 pair of gloves (worn)
 k - a +2 hat of magic resistance (worn)
 r - a +0 pair of boots (worn)
 A - a +0 leather armour of positive energy
 F - a +2 scale mail of cold resistance
 P - a +0 cloak (worn)
 R - a +4 scale mail (worn)
Jewellery
 q - an uncursed amulet of faith
 y - a +5 amulet of reflection (around neck)
 B - a ring of poison resistance (left hand)
 C - an uncursed ring of fire
 I - a +4 ring of slaying (right hand)
Wands
 z - a wand of iceblast (8/15)
 N - a wand of paralysis (9/24)
 O - a wand of acid (3/15)
 S - a wand of digging (9/24)
Scrolls
 d - 2 scrolls of immolation
 l - 3 scrolls of identify
 m - 3 scrolls of remove curse
 n - 3 scrolls of recharging
 p - 3 scrolls of blinking
 s - 2 scrolls of amnesia
 u - a scroll of magic mapping
 x - 4 scrolls of teleportation
 M - 3 scrolls of fog
Potions
 b - 3 potions of cure mutation
 f - 3 potions of haste
 h - a potion of might
 j - 5 potions of brilliance
 t - 2 potions of heal wounds
 w - 4 potions of curing
 E - a potion of agility
 K - a potion of magic
Books
 D - a book of the Sky

   Spells                             Type                      Level
   a - Summon Lightning Spire         Summoning/Air                4
   b - Airstrike                      Air                          4
   c - Silence                        Hexes/Air                    5
   d - Deflect Missiles               Charms/Air                   6
   e - Conjure Ball Lightning         Conjuration/Air              6
   f - Tornado                        Air                          9
Comestibles
 g - 7 beef jerkies
 v - 31 fruits
 J - 2 meat rations
 L - 9 slices of pizza
 Q - 11 bread rations


   Skills:
 + Level 13.7 Fighting
 + Level 1.8 Short Blades
 + Level 14.7 Polearms
 + Level 8.6 Throwing
 + Level 12.4 Armour
 + Level 7.4 Dodging
 + Level 3.8 Stealth
 + Level 4.2 Invocations


You had 12 spell levels left.
You didn't know any spells.

Dungeon Overview and Level Annotations

Branches:
Dungeon (11/15)            Temple (0/1) D:4            Lair (4/6) D:10
  Swamp (1/4) Lair:3        Snake (1/4) Lair:4          Orc (0/2) D:10

Altars:
Cheibriados
Hepliaklqana
Kikubaaqudgha
Nemelex Xobeh
Okawaru
Uskayaw
Yredelemnul
Zin
The Shining One
Beogh

Annotations:
D:10 tegnu reaver - nasty!


Innate Abilities, Weirdness & Mutations

You reflexively headbutt those who attack you in melee.
You have a pair of horns on your head.
You have sharp toenails.
You are partially covered in slimy green scales. (AC +2)
You are resistant to hostile enchantments. (MR+)
You are somewhat resistant to further mutation.
Your spells are a little harder to cast, but a little more powerful.


Message History

The black mamba bites you but does no damage.
You feel sick. The black mamba barely misses you.
The black mamba barely misses you.
You feel sick.
The black mamba bites you but does no damage.
Found a rapier.
The black mamba bites you but does no damage.
The black mamba closely misses you. You furiously retaliate!
You headbutt the black mamba. The black mamba closely misses you.
You furiously retaliate!
You headbutt the black mamba.
You feel sick. The black mamba bites you!
* * * LOW HITPOINT WARNING * * *
The black mamba bites you but does no damage.
The black mamba bites you.
* * * LOW HITPOINT WARNING * * *
You feel sick.
There is a stone staircase leading down here.
The black mamba bites you but does no damage.
The black mamba bites you!
You die...

...### ......### .......... ..........
##.........# ..... #..........# .....
##.........# #... ##.)......... #
#..## ##.#.......# .. #...#
##.####.....## .. ##...###
##.###........### #. #......##
#.[##...........#### #.#.......#
##.##.....#..###....######........##
#..##....##.###.........####.......#
###.##.######..##...........#........#
#...##. ##.##..#....###..........#
....## #.......##### ##.........#
....# #.........# #.........# ...##
......####....# ##.......#.#
...#####..# ...## #...##.#
##.....##.......##..# #.........#
....## .### ..# ..............#
..###.........# .....# ..##
......##......##..#...........#
.....###.# ..#
.>..####.###.###.............#
###.....# ..#
#######..###.##..............#
##......# ###....##.##..............#
#........#
#.#####......##.##.....>........##
......#... .##............##.#
#.........#....# ....[.## ..
.............###.# #........###..#
...#..# . ## .#.#####..######.#
#........# #..# #.# #.# ...
#.####)#####...####..#.....# #..# #.
#.
...###..##[####......##..####...###..#
.....#....###..........####...###..##
#........##.........####...####..##
###.....###.......####.NS@# ##..## .
##.....##.....####...######.### ...
##.....#.....###.....####..##
.....#.....)%.....###..........##
..................##........####
.###.....)........###.....###
#####....##....# #.....#
########...###.....# #..##......#
.###.##...# .#.) #..## ... ##..# ...
##N.## #.. .####..## ###.. ###...##
#S..S. ##.N.### ..NS.. ##S.###
......###..## .......#..## .......#)##
....($S.## .(((....# .....#### ####


You could see a salamander and a black mamba.

Vanquished Creatures
  2 hydras
  Erica (D:9)
  13 death yaks
  Urug (Lair:3)
  A spriggan (Swamp:1)
  An unseen horror (D:10)
  A naga ritualist (Snake:1)
  A swamp dragon (Swamp:1)
  2 hill giants (D:10)
  Pikel (D:4)
  2 mana vipers (Snake:1)
  Psyche (D:7)
  6 black mambas
  2 spiny frogs
  2 rime drakes
  2 komodo dragons
  A troll (D:10)
  A hornet (Swamp:1)
  5 blink frogs (Lair:4)
  4 hippogriffs
  37 yaks
  A human (D:9)
  A basilisk (Lair:1)
  6 vampire mosquitoes (Swamp:1)
  4 hogs (D:9)
  5 nagas
  4 swamp worms (Swamp:1)
  7 water moccasins
  A swamp drake (Swamp:1)
  2 orc warriors
  7 porcupines
  6 sky beasts
  3 slaves (D:4)
  A black bear (Lair:2)
  3 phantoms
  2 ice beasts (D:9)
  6 wolves (Lair:1)
  7 ogres
  4 centaurs
  10 crocodiles
  14 bullfrogs
  A wyvern skeleton (D:7)
  7 scorpions
  7 killer bees
  An electric eel (Lair:1)
  3 howler monkeys
  A crimson imp (D:8)
  A bullfrog zombie (D:7)
  2 jellies
  A quasit (D:5)
  9 orc priests
  4 hounds
  10 orc wizards
  Ijyb (D:3)
  3 iguanas
  4 worker ants
  2 howler monkey zombies
  8 adders
  4 shadow imps
  3 oozes
  An adder skeleton (D:9)
  3 worms
  2 dart slugs
  4 leopard geckos
  38 orcs
  4 giant cockroaches
  9 goblins
  8 hobgoblins
  5 jackals (D:9)
  3 quokkas
  16 bats
  4 frilled lizards
  11 kobolds
  10 rats
  A butterfly (Lair:1)
  2 fungi
374 creatures vanquished.

Vanquished Creatures (others)
  A hound (D:8)
  11 fungi (D:8)
  A plant (Lair:3)
13 creatures vanquished.

Grand Total: 387 creatures vanquished

Notes
Turn   | Place    | Note
-------+----------+-------------------------------------------
     0 | Abyss:1  | lanroth the Minotaur Abyssal Knight began the quest for the Orb.
     0 | Abyss:1  | Reached XP level 1. HP: 19/19 MP: 1/1
    44 | Abyss:1  | Noticed a ynoxinul
    53 | Abyss:1  | Noticed a quasit
    70 | Abyss:1  | Noticed a worldbinder
    72 | Abyss:1  | Noticed an orb spider
    72 | Abyss:1  | Noticed a jumping spider
    72 | D:1      | Escaped the Abyss
   292 | D:1      | Reached XP level 2. HP: 27/27 MP: 2/2
   418 | D:1      | Reached * piety under Lugonu
   768 | D:1      | Reached XP level 3. HP: 27/34 MP: 3/3
  1035 | D:2      | Reached skill level 5 in Fighting
  1246 | D:2      | Reached XP level 4. HP: 42/42 MP: 4/4
  1324 | D:2      | Reached ** piety under Lugonu
  2034 | D:3      | Noticed Ijyb
  2061 | D:3      | Killed Ijyb
  2061 | D:3      | Reached skill level 3 in Polearms
  2130 | D:3      | Found a glowing golden altar of the Shining One.
  2482 | D:4      | Reached XP level 5. HP: 47/49 MP: 5/5
  2577 | D:4      | Noticed a phantom
  2584 | D:4      | Noticed an ogre
  2622 | D:4      | Killed a phantom
  2622 | D:4      | Reached skill level 4 in Polearms
  2622 | D:4      | Reached skill level 1 in Throwing
  2622 | D:4      | Reached skill level 1 in Stealth
  2653 | D:4      | Noticed a phantom
  2670 | D:4      | Killed a phantom
  2670 | D:4      | Reached skill level 5 in Polearms
  2670 | D:4      | Reached XP level 6. HP: 29/57 MP: 6/6
  2879 | D:4      | Found a staircase to the Ecumenical Temple.
  2925 | D:4      | Noticed a slave
  2933 | D:4      | Killed a slave
  2939 | D:4      | Noticed a slave
  2942 | D:4      | Noticed a slave
  2949 | D:4      | Noticed Pikel
  2951 | D:4      | Noticed a slave
  2953 | D:4      | Killed a slave
  2965 | D:4      | Killed a slave
  2976 | D:4      | Killed Pikel
  2976 | D:4      | Reached skill level 7 in Polearms
  2976 | D:4      | Reached skill level 5 in Armour
  2976 | D:4      | Reached XP level 7. HP: 51/64 MP: 7/7
  3211 | D:4      | Reached *** piety under Lugonu
  3256 | D:5      | Entered Level 5 of the Dungeon
  3276 | D:5      | Found a snail-covered altar of Cheibriados.
  3332 | D:5      | Reached XP level 8. HP: 71/71 MP: 8/8
  3404 | D:5      | Gained mutation: Your magical capacity is low. (-10% MP) [mutagenic meat]
  3405 | D:5      | Gained mutation: You are weak. (Str -2) [mutagenic meat]
  3406 | D:5      | Gained mutation: You are very weak. (Str -4) [mutagenic meat]
  3407 | D:5      | Gained mutation: Your magical capacity is very low. (-20% MP) [mutagenic meat]
  3408 | D:5      | Gained mutation: You are partially covered in slimy green scales. (AC +2) [mutagenic meat]
  3618 | D:5      | Reached skill level 8 in Polearms
  4127 | D:6      | Found an iron altar of Okawaru.
  4340 | D:6      | Gained mutation: You have sharp toenails. [mutagenic meat]
  4341 | D:6      | Lost mutation: Your magical capacity is very low. (-20% MP) [mutagenic meat]
  4737 | D:7      | Reached skill level 9 in Polearms
  4744 | D:7      | Reached **** piety under Lugonu
  4744 | D:7      | Reached XP level 9. HP: 69/79 MP: 7/8
  4753 | D:7      | Gained mutation: You are partially covered in molten scales. (AC +2) [mutagenic meat]
  4754 | D:7      | Gained mutation: You are frail. (-10% HP) [mutagenic meat]
  4755 | D:7      | Gained mutation: You have a pair of large horns on your head. [mutagenic meat]
  4823 | D:7      | Found a hide-covered altar of Uskayaw.
  5270 | D:8      | Noticed Psyche
  5399 | D:7      | Killed Psyche
  5399 | D:7      | Reached skill level 10 in Polearms
  5453 | D:8      | Found a hazy altar of Hepliaklqana.
  5889 | D:8      | Found an ancient bone altar of Kikubaaqudgha.
  5889 | D:8      | Found a glowing silver altar of Zin.
  5896 | D:8      | Found a faded altar of an unknown god.
  5900 | D:8      | Found a basalt altar of Yredelemnul.
  5901 | D:8      | Found a sparkling altar of Nemelex Xobeh.
  6315 | D:9      | Noticed a five-headed hydra
  6344 | D:9      | Killed a five-headed hydra
  6344 | D:9      | Reached XP level 10. HP: 46/81 MP: 10/10
  6535 | D:9      | Reached skill level 11 in Polearms
  7027 | D:9      | Noticed Erica
  7046 | D:9      | Killed Erica
  7086 | D:9      | Gained mutation: You are resistant to hostile enchantments. (MR+) [mutagenic meat]
  7087 | D:9      | Lost mutation: You are frail. (-10% HP) [mutagenic meat]
  7088 | D:9      | Gained mutation: Your spells are a little harder to cast, but a little more powerful. [mutagenic meat]
  7089 | D:9      | Gained mutation: You are somewhat resistant to further mutation. [mutagenic meat]
  7123 | D:9      | Reached skill level 12 in Polearms
  7375 | D:9      | Reached skill level 5 in Throwing
  7586 | D:10     | Entered Level 10 of the Dungeon
  7613 | D:10     | Lost mutation: You are partially covered in molten scales. (AC +2) [potion of cure mutation]
  7613 | D:10     | Lost mutation: You are very weak. (Str -4) [potion of cure mutation]
  7613 | D:10     | Lost mutation: Your magical capacity is low. (-10% MP) [potion of cure mutation]
  7613 | D:10     | Lost mutation: You have a pair of large horns on your head. [potion of cure mutation]
  7613 | D:10     | Lost mutation: You are weak. (Str -2) [potion of cure mutation]
  7621 | D:10     | Identified a scroll of acquirement
  7648 | D:10     | Found a staircase to the Orcish Mines.
  7710 | D:10     | Found a staircase to the Lair.
  7843 | D:10     | Killed an unseen horror
  7843 | D:10     | Reached XP level 11. HP: 92/97 MP: 13/13
  8062 | D:10     | Noticed a hill giant
  8072 | D:10     | Killed a hill giant
  8072 | D:10     | Reached skill level 5 in Dodging
  8121 | D:10     | Noticed a tengu reaver
  8692 | D:10     | Reached ***** piety under Lugonu
  8868 | D:10     | Found a roughly hewn altar of Beogh.
  8891 | D:10     | Noticed a hill giant
  8902 | D:10     | Killed a hill giant
  9600 | Lair:1   | Entered Level 1 of the Lair of Beasts
  9613 | Lair:1   | Reached skill level 10 in Fighting
  9613 | Lair:1   | Reached skill level 10 in Armour
 10001 | Lair:1   | Reached skill level 13 in Polearms
 11549 | Lair:3   | Noticed a death yak
 11550 | Lair:3   | Noticed a death yak
 11551 | Lair:3   | Noticed a death yak
 11551 | Lair:3   | Noticed a death yak
 11579 | Lair:3   | Killed a death yak
 11598 | Lair:3   | Killed a death yak
 11598 | Lair:3   | Reached XP level 12. HP: 71/110 MP: 14/14
 11601 | Lair:3   | Killed a death yak
 11619 | Lair:3   | Killed a death yak
 11858 | Lair:3   | Noticed a death yak
 11858 | Lair:3   | Noticed a death yak
 11860 | Lair:3   | Noticed Urug
 11860 | Lair:3   | Noticed a death yak
 11860 | Lair:3   | Noticed a death yak
 11861 | Lair:3   | Noticed a death yak
 11891 | Lair:3   | Killed a death yak
 11902 | Lair:3   | Killed a death yak
 11914 | Lair:3   | Killed a death yak
 11924 | Lair:3   | Killed a death yak
 11935 | Lair:3   | Killed a death yak
 11943 | Lair:3   | Killed Urug
 12246 | Lair:3   | Found a staircase to the Swamp.
 12320 | Lair:3   | Noticed a death yak
 12322 | Lair:3   | Noticed a death yak
 12323 | Lair:3   | Noticed a death yak
 12332 | Lair:3   | Killed a death yak
 12348 | Lair:3   | Killed a death yak
 12363 | Lair:3   | Killed a death yak
 12565 | Lair:3   | Reached skill level 14 in Polearms
 13176 | Swamp:1  | Entered Level 1 of the Swamp
 13526 | Swamp:1  | Noticed a five-headed hydra
 13534 | Swamp:1  | Killed a five-headed hydra
 13534 | Swamp:1  | Reached XP level 13. HP: 114/119 MP: 15/15
 14107 | Lair:4   | Reached ****** piety under Lugonu
 14166 | Lair:4   | Found a staircase to the Snake Pit.
 14191 | Snake:1  | Entered Level 1 of the Snake Pit
 14346 | Snake:1  | Reached skill level 1 in Short Blades
 14700 | Snake:1  | Slain by a black mamba

Skill      XL: |  1  2  3  4  5  6  7  8  9 10 11 12 13 |
---------------+----------------------------------------+-----
Fighting       | 4 5 6 7 8 9 11 12 13 | 13.7
Invocations    | 2 3 4 |  4.2
Polearms       | 3 5 7 9 10 12 13 14 | 14.7
Armour         | 3 5 6 8 9 10 12 | 12.4
Throwing       | 1 2 4 5 6 7 8 |  8.6
Stealth        | 1 2 3 |  3.8
Dodging        | 2 3 4 6 7 |  7.4
Short Blades   | 1 |  1.8

Action                   |  1- 3 |  4- 6 |  7- 9 | 10-12 | 13-15 || total
-------------------------+-------+-------+-------+-------+-------++-------
Melee: Spear             |    94 |   165 |   290 |   772 |   177 ||  1498
       Headbutt          |     8 |    29 |    41 |   158 |    53 ||   289
       Kick              |       |       |    37 |   236 |    81 ||   354
       Cutlass           |       |       |       |       |    47 ||    47
Throw: Stone             |       |     7 |       |       |       ||     7
       Tomahawk          |       |       |    10 |    10 |    15 ||    35
       Javelin           |       |       |    12 |    58 |       ||    70
Invok: Depart the Abyss  |     1 |       |       |       |       ||     1
       Bend Space        |       |       |     7 |     1 |       ||     8
       Banish            |       |       |     1 |       |       ||     1
  Use: Scroll            |       |       |    12 |    10 |     1 ||    23
       Potion            |       |       |     3 |     7 |       ||    10
 Stab: Distracted        |     1 |       |       |       |       ||     1
       Held in net/web   |       |       |     2 |       |       ||     2
  Eat: Chunk             |     1 |     5 |    19 |    18 |       ||    43
       Meat ration       |       |       |     1 |     3 |       ||     4
Armor: Leather armour    |    22 |     3 |       |       |       ||    25
       Scale mail        |       |    19 |    47 |   154 |    51 ||   271
       Chain mail        |       |    15 |    59 |       |       ||    74
Dodge: Dodged            |    32 |    47 |    86 |   125 |    70 ||   360
Block: Other             |       |       |    19 |    62 |    23 ||   104
       Reflection        |       |       |     1 |       |     1 ||     2
